 Dungeon Crawl Stone Soup version 0.18-a0-952-g309898a (webtiles) character file.

205 M4edhros the Sneak (level 5, 0/33 HPs)
             Began as an Octopode Artificer on Dec 30, 2015.
             Killed by divine providence
             ... invoked by an orc priest
              (11 damage)
             ... on level 4 of the Dungeon.
             The game lasted 00:03:51 (2308 turns).

M4edhros the Sneak (Octopode Artificer)             Turns: 2308, Time: 00:03:52

Health: 0/33       AC:  1    Str: 10    XL:     5   Next: 83%
Magic:  8/8        EV: 13    Int: 16    God:
Gold:   117        SH:  0    Dex: 12    Spells: 1 memorised, 1 level left

rFire  . . .     SeeInvis .     a - +0 short sword
rCold  + . .     Gourm    .     (no shield)
rNeg   . . .     Faith    .     (helmet restricted)
rPois  .         Spirit   .     (no amulet)
rElec  .         Dismiss  .     i - ring of protection from cold
rCorr  .         Reflect  .     (no ring)
SustAt .         Harm     .     (no ring)
MR     .....                    (no ring)
Stlth  ++++......               (no ring)
                                (no ring)
                                (no ring)
                                (no ring)

@: not resistant to hostile enchantments, stealthy
A: almost no armour, amphibious, 8 rings, constrict 8, camouflage 1, gelatinous
body 1
a: no special abilities


You were on level 4 of the Dungeon.
You were very hungry.

You visited 1 branch of the dungeon, and saw 4 of its levels.

You collected 117 gold pieces.

Inventory:

Hand Weapons
 a - a +0 short sword (weapon)
Missiles
 l - 100 stones (quivered)
Jewellery
 i - a ring of protection from cold (left tentacle)
Wands
 b - a wand of flame (12/48)
 c - a wand of enslavement (3/24)
 d - a wand of random effects (9/48)
Scrolls
 j - a scroll of fog {unknown}
 k - 3 scrolls of identify {unknown}
 m - a scroll of amnesia {unknown}
 o - a scroll of recharging {unknown}
 q - a scroll of teleportation {unknown}
Potions
 e - a potion of mutation {unknown}
 n - a potion of flight {unknown}
 p - a potion of agility
 r - a potion of haste {unknown}
Books
 h - an Akashic Record

   Spells                             Type                      Level
   a - Dispersal                      Translocation                6
   b - Malign Gateway                 Summoning/Translocation      7
   c - Disjunction                    Translocation                8
   d - Controlled Blink               Translocation                8
 s - a book of Minor Magic

   Spells                             Type                      Level
   a - Magic Dart                     Conjuration                  1
   b - Blink                          Translocation                2
   c - Call Imp                       Summoning                    2
   d - Repel Missiles                 Charms/Air                   2
   e - Slow                           Hexes                        2
   f - Conjure Flame                  Conjuration/Fire             3
   g - Mephitic Cloud                 Conjuration/Poison/Air       3
Comestibles
 f - 3 bread rations
 g - 5 fruits


   Skills:
 - Level 1.0 Fighting
 - Level 1.0 Short Blades
 * Level 4.0 Dodging
 * Level 4.9 Stealth
 * Level 0.0 Spellcasting
 + Level 0.2 Conjurations
 + Level 0.0 Air Magic
 + Level 0.0 Poison Magic
 + Level 4.2 Evocations


You had one spell level left.
You knew the following spells:

 Your Spells              Type           Power        Failure   Level  Hunger
a - Mephitic Cloud        Conj/Pois/Air  #.......     77%         3    ####...


Dungeon Overview and Level Annotations

Branches:
Dungeon (4/15)
 Temple: D:4-7

Altars:
Nemelex Xobeh

Annotations:
D:3 JokEr's ghost, amateur DsFi


Innate Abilities, Weirdness & Mutations

You cannot wear most types of armour.
You are amphibious.
You can wear up to eight rings at the same time.
You can use your tentacles to constrict eight enemies at once.
Your skin changes colour to match your surroundings (Stealth).
Your rubbery body absorbs attacks (AC +1).


Message History

Your orc priest invokes the aid of Beogh against the orc warrior.
The orc warrior is smitten.
Found 22 stones.
An orc comes into view. It is wielding a flail.
Things that are here:
a flail; an orc corpse The orc warrior is smitten.
Things that are here:
a dagger; a robe; an orc corpse Evoke which item? (* to show all) (? for menu, Esc to quit)
Zapping:
b - a wand of flame (13/48)
Press: ? - help, Shift-Dir - straight line, f/p - orc warrior
Aim: an orc warrior, wielding an enchanted mace and wearing a chain mail (almost dead)
The puff of flame hits the orc warrior.
The orc warrior is almost dead.
This wand has 12 charges left.
The orc priest shouts!
The orc priest calls down the wrath of Beogh upon you.
Something smites you!
You die...

#.....o)o†......#
#o#######.####..#
#.# ##8....# .#
#.####.##(.## #
#o##.#....##
#.#..(8..o#
#.###.#...#.#
#o.##.#o...#
#@#.##.##...#
#..##..#.###o.#
#..####### #.#
#... ... #... ..
#####


You could see an orc warrior, an orc priest and an orc.

Vanquished Creatures
  A giant frog (D:4)
  2 hounds (D:4)
  A worker ant (D:4)
  2 adders
  3 giant geckos
  3 orcs (D:4)
  A giant cockroach (D:4)
  3 goblins
  3 hobgoblins
  A kobold (D:2)
  A bat (D:2)
  2 giant newts (D:2)
  A jackal skeleton (D:4)
  3 rats
27 creatures vanquished.

Vanquished Creatures (collateral kills)
  Natasha (D:2)
  A kobold (D:3)
2 creatures vanquished.

Vanquished Creatures (others)
  An orc wizard (D:4)
1 creature vanquished.

Grand Total: 30 creatures vanquished

Notes
Turn   | Place    | Note
--------------------------------------------------------------
     0 | D:1      | M4edhros the Octopode Artificer began the quest for the Orb.
     0 | D:1      | Reached XP level 1. HP: 13/13 MP: 3/3
   293 | D:2      | Reached XP level 2. HP: 18/18 MP: 4/4
   398 | D:2      | Found a faded altar to an unknown god.
   426 | D:3      | Reached XP level 3. HP: 14/23 MP: 5/5
   663 | D:3      | Noticed JokEr's ghost (amateur DsFi)
   797 | D:2      | Noticed Natasha
   826 | D:2      | Killed Natasha
  1267 | D:4      | Found a sparkling altar of Nemelex Xobeh.
  1302 | D:4      | Reached XP level 4. HP: 13/28 MP: 6/6
  1760 | D:4      | Reached skill level 4 in Stealth
  1760 | D:4      | Reached XP level 5. HP: 23/33 MP: 6/8
  2236 | D:4      | Learned a level 3 spell: Mephitic Cloud
  2245 | D:4      | Noticed an orc warrior
  2308 | D:4      | Killed from afar by an orc priest

Vault maps used:
D:1:      eino_arrival_water_cross, minmay_misc_feat_four_crosses
D:2:      led_sif_pool, first_bread, ecumenical_altar_1, uniq_robin,
          uniq_crazy_yiuf_cottage, uniq_natasha
D:3:      tgw_xom, gammafunk_temple_overflow_statue, cheibriados_altar_1
D:4:      lemuel_crystal_altar, corexii_item_surrounded_by_moat,
          guppyfry_early_orc_mine

Action                   |  1- 3 |  4- 6 || total
-------------------------+-------+-------++-------
Melee: Short sword       |    34 |    34 ||    68
Evoke: Wand              |    12 |     9 ||    21
  Use: Potion            |     4 |       ||     4
 Stab: Sleeping          |    11 |     2 ||    13
  Eat: Chunk             |       |     3 ||     3
